 Dungeon Crawl Stone Soup version 0.31-a0-841-g038b102fc3 (webtiles) character file.

Game seed: 15810166030997217444

56 CraigForest the Slasher (level 3, -14/21 HPs)
             Began as a Tengu Gladiator on Sept 27, 2023.
             Demolished by an ogre
             ... wielding a +0 giant club
              (19 damage)
             ... on level 2 of the Dungeon.
             The game lasted 00:06:36 (1464 turns).

CraigForest the Slasher (Tengu Gladiator)           Turns: 1464, Time: 00:06:36

Health: -14/21     AC:  6    Str: 14    XL:     3   Next: 95%
Magic:  4/4        EV: 10    Int:  8    God:
Gold:   142        SH:  8    Dex: 17    Spells: 1/2 levels left

rFire   . . .        a - +0 long sword
rCold   . . .        j - +0 kite shield
rNeg    . . .        i - +0 ring mail
rPois   .            c - +0 hat
rElec   .            g - +0 cloak
rCorr   .            (no gloves)
SInv    .            (boots unavailable)
Will    .....        (no amulet)
Stlth   +            (no ring)
HPRegen 0.23/turn    (no ring)
MPRegen 0.09/turn

%: acrobat
@: no status effects
A: beak, talons 3, acrobatic
a: no special abilities


You were on level 2 of the Dungeon.
You visited 1 branch of the dungeon, and saw 2 of its levels.

You collected 142 gold pieces.

Inventory:

Hand Weapons
 a - a +0 long sword (weapon)
Missiles
 d - 3 throwing nets (quivered)
 e - a javelin
Armour
 b - a +0 leather armour
 c - a +0 hat (worn)
 g - a +0 cloak (worn)
 i - a +0 ring mail (worn)
 j - a +0 kite shield (worn)
Jewellery
 l - a +4 ring of slaying
Talismans
 f - a beast talisman
Potions
 h - a potion of invisibility {unknown}
 k - a potion of haste {unknown}


   Skills:
 + Level 2.1 Fighting
 + Level 4.1 Long Blades
 + Level 2.0 Throwing
 + Level 0.8 Armour
 + Level 4.0 Dodging
 + Level 0.9 Stealth


You had one spell level left.
You knew the following spells:

 Your Spells              Type           Power      Damage    Failure   Level
a - Summon Small Mammal   Summ           0%         N/A       98%         1

Your spell library contained the following spells:

 Spells                   Type           Power      Damage    Failure   Level
 Apportation              Tloc           0%         N/A       98%         1
 Necrotise                Necr           0%         1d4       98%         1
 Blink                    Tloc           0%         N/A       99%         2
 Lesser Beckoning         Tloc           0%         N/A       99%         2
 Momentum Strike          Conj/Tloc      0%         3d8       99%         2
 Manifold Assault         Tloc           0%         N/A       100%        4
 Passage of Golubria      Tloc           0%         N/A       100%        4
 Silence                  Hex/Air        0%         N/A       100%        5
 Lehudib's Crystal Spear  Conj/Erth      0%         10d2      100%        8


Dungeon Overview and Level Annotations

Branches:
Dungeon (2/15)

Altars:

Shops:
D:2 [


Innate Abilities, Weirdness & Mutations

You have a beak for a mouth.
You have claws for feet.
You can magically evade attacks while moving or waiting.


Message History

You continue putting on your +0 kite shield. x4
You finish putting on your +0 kite shield.
You see here 8 stones.
There is a stone staircase leading up here.
A kobold comes into view. It is wielding a +0 short sword.
Found an escape hatch in the ceiling.
The kobold shouts!
You hear a shout!
The kobold hits you with a +0 short sword.
A kobold comes into view. It is wielding a +0 mace.
You hit the kobold but do no damage. You claw the kobold. You peck the kobold.
You kill the kobold!
The kobold throws a stone.
You block the stone.
An ogre comes into view. It is wielding a +0 giant club.
The ogre shouts!
The kobold throws a stone.
The stone completely misses you.
The kobold throws a stone.
The stone misses you. The kobold completely misses you.
You closely miss the kobold. You peck the kobold, but do no damage.
A bat comes into view.
The kobold completely misses you.
You hit the ogre. You claw the ogre. You peck the ogre, but do no damage.
The ogre is moderately wounded.
You block the ogre's attack. You block the kobold's attack.
You hit the ogre.
The ogre is moderately wounded.
The bat misses you. You block the bat's attack.
The kobold hits you but does no damage. The ogre hits you with a +0 giant club!
Ouch! That really hurt!
* * * LOW HITPOINT WARNING * * *
The kobold hits you but does no damage.
Okay, then.
You block the bat's attack. The bat misses you. You block the kobold's attack.
The bat hits you but does no damage.
The kobold throws a stone.
The stone hits you but does no damage. The bat completely misses you.
There is an escape hatch in the ceiling here.
The bat hits you but does no damage.
The ogre hits you with a +0 giant club!!
Ouch! That really hurt!
You die...

#.###+#.###
#####.........#
..............#
..............#
..............#
............).#
........K.....#
.....#bO......#
.. ....
#.@......###....
#.
####.###......#
........###.##
###.###.###.#
#.......#.#
#####.###.#
##..##.#
#...<..#
#...#(.#


You could see an ogre, a bat and a kobold.

Vanquished Creatures
  Terence (D:2)
  A dart slug (D:1)
  2 endoplasms (D:1)
  2 hobgoblins (D:1)
  4 kobolds
  2 quokkas (D:1)
  3 ball pythons
  A bat (D:1)
  3 frilled lizards (D:1)
  4 goblins
  4 rats
27 creatures vanquished.

Notes
Turn   | Place    | Note
-------+----------+-------------------------------------------
     0 | D:1      | CraigForest the Tengu Gladiator began the quest for the
                  | Orb.
     0 | D:1      | Reached XP level 1. HP: 12/12 MP: 2/2
   216 | D:1      | Reached XP level 2. HP: 17/17 MP: 3/3
  1238 | D:2      | Learned a level 1 spell: Summon Small Mammal
  1248 | D:2      | Reached XP level 3. HP: 21/21 MP: 4/4
  1300 | D:2      | Found Wackuiz's Antique Armour Boutique.
  1342 | D:2      | Noticed Terence
  1351 | D:2      | Killed Terence
  1455 | D:2      | Noticed an ogre
  1464 | D:2      | Demolished by an ogre

Illustrated notes

Levels and vault maps discovered:
D:1:      sevenhm_arrival_forest_fort_small_3, layout_loops_corners,
          serial_forest, infiniplex_forest_end_1, infiniplex_forest_split,
          infiniplex_forest_diagonal, infiniplex_forest_corner_2,
          infiniplex_forest_lined_room_, infiniplex_forest_lined_room_2,
          infiniplex_forest_clump_small, infiniplex_forest_lined_4_way,
          infiniplex_forest_join
D:2:      layout_basic, serial_shops, nicolae_shop_window_shopping,
          nicolae_underground_beach, uniq_terence

Skill      XL: |  1  2  3 |
---------------+----------+-----
Dodging        | 4 |  4.0
Long Blades    | 4 |  4.1
Fighting       | |  2.1
Throwing       | |  2.0
Armour         | |  0.8
Stealth        | |  0.9

Action                     || total
---------------------------++-------
  Melee: Long sword        ||    79
         Kick              ||    24
         Peck              ||    13
         Punch             ||     1
    Use: Scroll            ||     2
   Stab: Sleeping          ||     3
 Armour: Leather armour    ||     7
         Ring mail         ||    23
  Dodge: Dodged            ||    46
  Block: Kite shield       ||     6

Table legend: (Time is in decaauts)
 A = Elapsed time spent in this place.
 B = Non-inter-level travel time spent in this place.
 C = Inter-level travel time spent in this place.
 D = Time resting spent in this place.
 E = Time spent auto-exploring this place.
 F = Levels seen in this place.
 G = Mean time per level.
                   A        B        C        D        E       F      G
               +--------+--------+--------+--------+--------+-----+--------+
         Total |   1482 |   1449 |     33 |     68 |   1058 |   2 |  741.0 |
       Dungeon |   1482 |   1449 |     33 |     68 |   1058 |   2 |  741.0 |
               +--------+--------+--------+--------+--------+-----+--------+

Top non-repeatable levels by time:
     D:1: 1236 daAuts
     D:2: 246 daAuts
